 Dungeon Crawl Stone Soup version 0.26.1-10-gdfb7c7de75 (webtiles) character file.

Game seed: 8380718561040370552

396931 manyhoops the Wrestler (level 22, -8/214 HPs)
             Began as a Palentonga Transmuter on Apr 4, 2021.
             Was an Elder of Uskayaw.
             Mangled by a titan (36 damage)
             ... on level 5 of the Vaults.
             The game lasted 02:06:25 (70052 turns).

manyhoops the Wrestler (Palentonga Transmuter)     Turns: 70052, Time: 02:06:25

Health: -8/214     AC: 26    Str: 26    XL:     22   Next: 20%
Magic:  34/34      EV: 13    Int: 19    God:    Uskayaw [****..]
Gold:   3175       SH:  5    Dex: 11    Spells: 25/37 levels left

rFire    + . .     SeeInvis +     - Unarmed
rCold    + + .     Faith    .   (shield currently unavailable)
rNeg     + . .     Spirit   .   H - +3 ice dragon scales
rPois    +         Reflect  +   W - +2 hat {Will+}
rElec    +         Harm     .   M - scarf {repulsion}
rCorr    .         Rampage  .   (gloves currently unavailable)
Will     ++...                  (no barding)
Stlth    ..........             h - amulet "Duojoh" {Reflect +Fly SH+5}
HPRegen  0.45/turn              K - ring of Yraozun {Wiz rF+ Str+4 Int+2}
MPRegen  0.24/turn              N - ring of Tarestir {rPois rF+ rN+ SInv}

@: blade hands, repel missiles, curled up
A: large, horns 1, rugged brown scales 3, see invisible, deformed body,
electricity resistance, strong 1, evolution 1, roll 1, armoured tail, reflexive
curl
}: 2/15 runes: serpentine, barnacled
a: Rolling Charge, End Transformation, Renounce Religion, Evoke Flight, Stomp,
Line Pass


You were on level 5 of the Vaults.
You worshipped Uskayaw.
Uskayaw was most pleased with you.
You had blades for hands.
You visited 7 branches of the dungeon, and saw 37 of its levels.
You visited the Abyss 1 time.
You also visited: Bailey, Gauntlet, Ice Cave and Volcano.

You collected 5396 gold pieces.
You spent 2221 gold pieces at shops.

Inventory:

Missiles
 g - 8 throwing nets
Armour
 z - the +3 pair of gloves "Puer Ull" (melded) {Int+3}
   (You found it on level 6 of the Dungeon)

   It affects your intelligence (+3).
 H - +3 ice dragon scales (worn)
 M - a scarf of repulsion (worn)
 W - a +2 hat of willpower (worn)
Jewellery
 h - the amulet "Duojoh" (around neck) {Reflect +Fly SH+5}
   (You found it on level 5 of the Dungeon)

   [amulet of reflection]

   It shields you and reflects attacks.
   It lets you fly.
   It affects your SH (+5).
 j - the ring of the Worm {+Blink +Inv rF++ rCorr Str-2}
   (You found it on level 1 of the Vaults)

   [ring of resist corrosion]

   It affects your strength (-2).
   It greatly protects you from fire.
   It lets you turn invisible.
   It lets you blink.
   It provides partial protection from all sources of acid and corrosion.
 E - an uncursed ring of protection from cold
 F - an uncursed amulet of guardian spirit
 K - the ring of Yraozun (left scythe-like blade) {Wiz rF+ Str+4 Int+2}
   (You found it in an ice cave)

   [ring of wizardry]

   It improves your spell success rate.
   It affects your strength (+4).
   It affects your intelligence (+2).
   It protects you from fire.
 L - the ring of Fielouru {Wiz +Inv}
   (You found it in an ice cave)

   [ring of wizardry]

   It improves your spell success rate.
   It lets you turn invisible.
 N - the ring of Tarestir (right scythe-like blade) {rPois rF+ rN+ SInv}
   (You found it in an ice cave)

   [ring of protection from fire]

   It protects you from fire.
   It protects you from poison.
   It protects you from negative energy.
   It lets you see invisible.
 R - the ring of Yloomi {Ice Int+3 Dex+3}
   (You bought it in a shop on level 4 of the Vaults)

   [ring of ice]

   It enhances your ice magic.
   It affects your intelligence (+3).
   It affects your dexterity (+3).
   It makes you vulnerable to fire.
   It protects you from cold.
 S - an uncursed ring of positive energy
Wands
 u - a wand of flame (60)
 G - a wand of paralysis (26)
 I - a wand of acid (12)
 Q - a wand of digging (10)
 T - a wand of iceblast (9)
 X - a wand of disintegration (39)
Scrolls
 c - 9 scrolls of magic mapping
 d - 14 scrolls of teleportation
 f - 7 scrolls of enchant armour
 i - 5 scrolls of fog
 l - 10 scrolls of fear
 o - 26 scrolls of remove curse
 r - 5 scrolls of enchant weapon
 s - 13 scrolls of identify
 t - 3 scrolls of blinking
 y - 3 scrolls of vulnerability
 D - 10 scrolls of amnesia
 U - a scroll of immolation
 V - 2 scrolls of summoning
 Y - 5 scrolls of noise
 Z - 2 scrolls of holy word
Potions
 a - 14 potions of lignification
 b - 3 potions of invisibility
 e - 8 potions of brilliance
 k - 20 potions of curing
 m - 2 potions of haste
 n - 2 potions of attraction
 p - a potion of resistance
 v - 3 potions of mutation
 w - 7 potions of flight
 x - 4 potions of cancellation
 A - 6 potions of might
 C - 4 potions of magic
Miscellaneous
 J - a tin of tremorstones (2/2)
 O - a condenser vane


   Skills:
 + Level 17.4 Fighting
 - Level 17.8 Armour
 - Level 10.8 Dodging
 + Level 21.8 Unarmed Combat
 - Level 8.3 Spellcasting
 - Level 10.6 Transmutations
 - Level 16.1 Invocations


You had 25 spell levels left.
You knew the following spells:

 Your Spells              Type           Power        Failure   Level
a - Beastly Appendage     Tmut           96%          3%          1
b - Wereblood             Tmut           48%          4%          2
d - Ice Form              Ice/Tmut       28%          30%         4
f - Blade Hands           Tmut           24%          16%         5

Your spell library contained the following spells:

 Spells                   Type           Power        Failure   Level
 Spider Form              Tmut/Pois      14%          16%         3
 Animate Skeleton         Necr           14%          28%         1
 Apportation              Tloc           14%          28%         1
 Corona                   Hex            7%           28%         1
 Foxfire                  Conj/Fire      28%          28%         1
 Pain                     Necr           28%          28%         1
 Summon Small Mammal      Summ           28%          28%         1
 Call Imp                 Summ           7%           36%         2
 Ensorcelled Hibernation  Hex/Ice        14%          36%         2
 Poisonous Vapours        Pois/Air       14%          36%         2
 Call Canine Familiar     Summ           7%           52%         3
 Confusing Touch          Hex            7%           52%         3
 Conjure Flame            Conj/Fire      7%           52%         3
 Dazzling Flash           Conj/Hex       14%          52%         3
 Mephitic Cloud           Conj/Pois/Air  7%           52%         3
 Summon Guardian Golem    Hex/Summ       7%           52%         3
 Tukima's Dance           Hex            7%           52%         3
 Vampiric Draining        Necr           3%           52%         3
 Animate Dead             Necr           3%           82%         4
 Cause Fear               Hex            3%           82%         4
 Summon Ice Beast         Ice/Summ       7%           82%         4
 Summon Lightning Spire   Summ/Air       7%           82%         4
 Dragon Form              Tmut           24%          85%         7
 Agony                    Necr           7%           98%         5
 Summon Demon             Summ           3%           98%         5
 Summon Forest            Summ/Tloc      3%           98%         5
 Summon Mana Viper        Hex/Summ       7%           98%         5
 Freezing Cloud           Conj/Ice/Air   3%           100%        6
 Shadow Creatures         Summ           N/A          100%        6
 Summon Hydra             Summ           3%           100%        7
 Dragon's Call            Summ           3%           100%        9


Dungeon Overview and Level Annotations

Branches:
Dungeon (15/15)            Temple (1/1) D:6            Lair (6/6) D:9
 Shoals (4/4) Lair:2        Snake (4/4) Lair:3        Slime (0/5) Lair:6
    Orc (2/2) D:9             Elf (0/3) Orc:2        Vaults (5/5) D:13
  Crypt (0/3) Vaults:3     Depths (0/5) D:15         Bailey (visited)
  IceCv (visited)         Volcano (visited)         Gauntlet (visited)

Altars:
Ashenzari
Cheibriados
Dithmenos
Elyvilon
Fedhas
Gozag
Hepliaklqana
Kikubaaqudgha
Makhleb
Nemelex Xobeh
Okawaru
Qazlal
Ru
Sif Muna
Trog
Uskayaw
Vehumet
Wu Jian
Xom
Yredelemnul
Zin
The Shining One
Beogh
Jiyva

Shops:
D:4 }   D:8 (   D:9 *   Orc:2 =*}[   Shoals:3 !   Shoals:4 [   Snake:3 }}=
Snake:4 [*   Vaults:2 ?   Vaults:3 *   Vaults:4 [*?

Annotations:
D:3 1 runed translucent door, Jaiteiro's ghost, amateur GrFi


Innate Abilities, Weirdness & Mutations

You are completely covered in rugged brown scales. (AC +3, +7% HP)
You have supernaturally acute eyesight. (SInv)
Armour fits poorly on your strangely shaped body.
You can roll at nearby foes to attack.
You have a long armoured tail.
You curl defensively after being hit.
You have a pair of small horns on your head.
You are resistant to electric shocks. (rElec)
Your muscles are strong. (Str +2)
You evolve.


Message History

The cane toad changes into a rime drake!
The +1 hand axe of electrocution hits you but does no damage.
Unknown command.
You slice the +1 hand axe of electrocution!!
The +1 hand axe of electrocution falls from the air.
Uskayaw will force your foes to share their pain.
Uskayaw links your audience in an emotional bond!
Unknown command.
You slice the yaktaur captain!!
You kill the rime drake!
You headbutt the yaktaur captain, but do no damage.
The yaktaur captain is severely wounded.
Your surroundings suddenly seem different.
A titan comes into view.
The titan shouts!
You shred the titan!!! You headbutt the titan.
The titan is severely wounded.
You hear two shouts!
The titan hits you!!!
You die...

....... ......
#....# #....#
#....# #....#
#..C.# #...@#
....#####..#....#
...e......#....#
.p.......#....#
........#....#
..e....#....#
.†.. #....# ##c##
#....# #.).#


You could see a titan.

Vanquished Creatures
  Mara (Vaults:2)
  Frederick (Vaults:3)
  Nikola (Snake:3)
  2 tentacled monstrosities
  Gastronok (Lair:1)
  An ancient champion (Vaults:3)
  A shadow dragon (Vaults:4)
  A storm dragon (Vaults:4)
  8 nagarajas
  4 frost giants
  5 fire giants
  Aizul (Vaults:4)
  Louise (Shoals:2)
  11 vault wardens
  A deep elf elementalist (Vaults:4)
  3 ghouls
  10 ironheart preservers
  7 stone giants
  A deep elf demonologist (Vaults:3)
  A minotaur (Gauntlet)
  2 entropy weavers
  3 ettins
  2 merfolk javelineers
  The ghost of Jaiteiro the Blocker, a journeyman GnFi of the Shining One (D:13)
  A green death (Gauntlet)
  7 yaktaur captains
  4 great orbs of eyes
  7 merfolk impalers
  3 rakshasas
  6 boulder beetles
  15 naga warriors
  4 ice dragons
  An alligator snapping turtle (Shoals:3)
  6 merfolk avatars
  8 centaur warriors
  35 vault guards
  13 hydras
  Erica (D:8)
  9 anacondas
  3 death knights
  A merfolk aquamancer (Shoals:4)
  21 two-headed ogres
  A vampire mage (D:15)
  A dancing weapon (Vaults:5)
  8 ogre magi
  3 deep troll shamans
  2 catoblepae (Lair:6)
  2 satyrs
  A deep troll earth mage (Vaults:4)
  6 shock serpents
  12 death yaks
  3 orc high priests (Orc:2)
  11 naga sharpshooters
  5 deep elf knights
  A wretched star (Gauntlet)
  A fire crab (Shoals:1)
  A salamander mystic (Snake:2)
  18 sea snakes
  A spatial maelstrom (Abyss:2)
  12 deep trolls
  14 skeletal warriors
  3 unseen horrors
  2 flayed ghosts
  4 large abominations (Abyss:2)
  A death drake (shapeshifter) (D:14)
  2 glowing orange brains
  5 deep elf archers
  4 wizards
  18 orc knights
  Pikel (D:6)
  3 naga ritualists
  15 ironbrand convokers
  3 necromancers
  28 harpies
  3 phantasmal warriors
  A wolf spider zombie (D:14)
  2 lindwurms (Lair:6)
  2 sphinx zombies (D:15)
  A wolf spider (Vaults:4)
  A stone giant zombie (D:15)
  5 orc sorcerers
  9 mana vipers
  The ghost of EvilAshe the Slasher, a novice HuFi (D:10)
  13 manticores
  25 ugly things
  9 fauns
  8 salamanders
  An anaconda skeleton (Volcano)
  8 cyclopes
  21 elephants
  13 deep elf magi
  Joseph (D:9)
  A guardian serpent (shapeshifter) (Vaults:3)
  30 black mambas
  8 merfolk sirens
  2 smoke demons
  A worldbinder (Abyss:2)
  11 guardian serpents
  An apocalypse crab (Abyss:2)
  23 naga magi
  11 water nymphs
  12 vault sentinels
  6 gargoyles
  7 centaur zombies (D:14)
  A torpor snail (Lair:6)
  A cane toad (shapeshifter) (Vaults:4)
  2 ice statues (IceCv)
  6 rime drakes
  10 cane toads
  A rime drake (shapeshifter) (Vaults:5)
  8 komodo dragons
  An efreet (D:15)
  37 yaktaurs
  A harpy zombie (D:14)
  4 guardian mummies (D:13)
  A red devil (Gauntlet)
  7 freezing wraiths
  A queen bee (shapeshifter) (D:14)
  A tengu conjurer (D:13)
  10 trolls
  2 ancient zymes (Abyss:2)
  6 meliai
  12 polar bears
  24 merfolk
  6 wind drakes
  A hornet (Vaults:3)
  A raiju (Lair:6)
  11 slime creatures
  11 snapping turtles
  12 dream sheep
  16 blink frogs
  A meliai zombie (D:15)
  3 flying skulls (Volcano)
  4 wraiths
  A shadow (D:14)
  5 redbacks
  A wyvern (Lair:6)
  6 water elementals
  A tarantella (Vaults:2)
  Eustachio (D:5)
  2 humans (D:13)
  50 yaks
  4 alligator skeletons (Volcano)
  5 basilisks
  A hog (shapeshifter) (Vaults:2)
  A fire bat (Shoals:1)
  2 chaos spawn (Abyss:2)
  2 neqoxecs
  13 wargs
  65 nagas
  18 hell hounds
  17 water moccasins
  62 orc warriors
  26 ice beasts
  14 black bears
  2 small abominations (Abyss:2)
  5 sky beasts
  A necrophage (D:7)
  4 phantoms
  16 ogres
  9 boggarts
  20 wolves
  31 centaurs
  4 lemures
  3 big kobolds
  23 bullfrogs
  2 wyvern zombies (D:14)
  A gnoll sergeant (D:9)
  6 scorpions
  8 killer bees
  2 human simulacra (Vaults:2)
  5 spriggan skeletons
  A troll skeleton (Volcano)
  13 wights
  2 electric eels
  7 howler monkeys
  3 crimson imps (Gauntlet)
  A quasit (D:10)
  4 bullfrog skeletons
  27 orc priests
  A gnoll shaman (D:7)
  6 hounds
  5 iguanas
  7 jellies
  7 centaur skeletons
  30 orc wizards
  11 worker ants
  A killer bee zombie (D:10)
  A naga skeleton (Volcano)
  A hound skeleton (D:9)
  5 mummies
  2 worker ant zombies
  11 gnolls
  2 howler monkey skeletons
  8 adders
  3 river rats (D:9)
  2 shadow imps
  2 white imps
  2 ufetubi
  2 oozes
  2 adder skeletons (D:7)
  4 worms
  4 dart slugs
  11 leopard geckos
  134 orcs
  6 bats
  10 giant cockroaches
  11 goblins
  14 hobgoblins
  7 jackals
  27 kobolds
  5 quokkas
  2 ball pythons (D:2)
  8 frilled lizards
  A jackal zombie (D:7)
  2 leopard gecko skeletons
  A quokka skeleton (D:4)
  5 rats
1706 creatures vanquished.

Vanquished Creatures (others)
  A war gargoyle (Vaults:5)
  A merfolk aquamancer (Shoals:4)
  A neqoxec (Gauntlet)
  2 human simulacra (D:11)
  2 orcs (Orc:2)
  14 fungi
  78 plants
  3 withered plants
102 creatures vanquished.

Grand Total: 1808 creatures vanquished

Notes
Turn   | Place    | Note
-------+----------+-------------------------------------------
     0 | D:1      | manyhoops the Palentonga Transmuter began the quest for the
                  | Orb.
     0 | D:1      | Reached XP level 1. HP: 17/17 MP: 3/3
   156 | D:1      | Reached XP level 2. HP: 24/24 MP: 3/5
   901 | D:1      | Reached XP level 3. HP: 17/31 MP: 6/6
  1287 | D:2      | Reached skill level 4 in Unarmed Combat
  1580 | D:2      | Found a stormy altar of Qazlal.
  1580 | D:2      | Noticed a fire elemental
  1585 | D:2      | Noticed an earth elemental
  1586 | D:2      | Noticed an air elemental
  1586 | D:2      | Noticed a water elemental
  1821 | D:2      | Reached XP level 4. HP: 37/38 MP: 5/7
  1901 | D:2      | Found a white marble altar of Elyvilon.
  2560 | D:3      | Learned a level 2 spell: Wereblood
  2622 | D:3      | Reached skill level 5 in Unarmed Combat
  2950 | D:3      | Found a runed translucent door.
  3043 | D:3      | Reached XP level 5. HP: 31/44 MP: 8/8
  3228 | D:3      | Noticed Jaiteiro's ghost (amateur GrFi)
  3228 | D:3      | Noticed a sky beast
  3563 | D:5      | Entered Level 5 of the Dungeon
  3582 | D:5      | Reached skill level 6 in Unarmed Combat
  3588 | D:4      | Reached XP level 6. HP: 22/53 MP: 9/9
  4049 | D:4      | Reached skill level 7 in Unarmed Combat
  4433 | D:4      | Found a blossoming altar of Fedhas.
  4464 | D:4      | Found Xysiol's Gadget Boutique.
  4962 | D:4      | Gained mutation: You curl defensively after being hit.
                  | [Palentonga growth]
  4962 | D:4      | Reached XP level 7. HP: 49/60 MP: 8/10
  5205 | D:5      | Noticed Eustachio
  5537 | D:5      | Killed Eustachio
  5538 | D:5      | Reached skill level 8 in Unarmed Combat
  5754 | D:5      | Got a heavily runed ruby amulet
  5809 | D:5      | Identified the amulet "Duojoh" {Reflect +Fly SH+5} (You
                  | found it on level 5 of the Dungeon)
  5810 | D:5      | Gained mutation: You are agile. (Dex +2) [potion of
                  | mutation]
  5810 | D:5      | Gained mutation: Your mind is acute. (Int +2) [potion of
                  | mutation]
  5810 | D:5      | Gained mutation: You have sharp toenails. [potion of
                  | mutation]
  6177 | D:6      | Reached XP level 8. HP: 44/71 MP: 11/11
  6383 | D:6      | Reached skill level 9 in Unarmed Combat
  6463 | D:6      | Found a staircase to the Ecumenical Temple.
  6717 | D:6      | Reached skill level 5 in Fighting
  6810 | D:6      | Got a pair of pitted gloves
  6831 | D:6      | Identified the +3 pair of gloves "Puer Ull" {Int+3} (You
                  | found it on level 6 of the Dungeon)
  7434 | D:6      | Noticed Pikel
  7456 | Temple   | Entered the Ecumenical Temple
  7649 | D:6      | Killed Pikel
  7650 | D:6      | Reached skill level 5 in Transmutations
  7650 | D:6      | Reached XP level 9. HP: 51/79 MP: 12/12
  8313 | D:7      | Learned a level 5 spell: Blade Hands
  8318 | D:7      | Learned a level 4 spell: Ice Form
  8322 | D:7      | Reached skill level 1 in Armour
  8812 | D:7      | Reached skill level 5 in Armour
  9304 | D:8      | Noticed a komodo dragon
  9326 | D:8      | Killed a komodo dragon
  9457 | D:8      | Noticed Erica
  9463 | D:8      | Killed Erica
  9464 | D:8      | Reached XP level 10. HP: 86/86 MP: 7/13
  9774 | D:8      | Found an opulent altar of Gozag.
  9865 | D:8      | Noticed a two-headed ogre
  9873 | D:8      | Killed a two-headed ogre
 10161 | D:8      | Found Vymi Ith's Antique Weapon Boutique.
 10207 | D:9      | Reached skill level 10 in Armour
 10388 | D:9      | Found Foxodal's General Store.
 10499 | D:9      | Bought a scroll of teleportation for 45 gold pieces
 10499 | D:9      | Bought 2 potions of curing for 90 gold pieces
 11271 | D:9      | Found a sacrificial altar of Ru.
 11274 | D:9      | Found a hide-covered altar of Uskayaw.
 11279 | D:9      | Found a shimmering altar of Xom.
 11397 | D:9      | Became a worshipper of Uskayaw the Reveller
 11582 | D:9      | Noticed Joseph
 11585 | D:9      | Reached * piety under Uskayaw
 11588 | D:9      | Killed Joseph
 11588 | D:9      | Reached ** piety under Uskayaw
 11765 | D:9      | Found an ornate altar of the Wu Jian Council.
 11853 | D:9      | Found a staircase to the Lair.
 11854 | D:9      | Noticed a death yak
 11856 | D:9      | Noticed a death yak
 11857 | D:9      | Noticed a death yak
 12144 | D:9      | Killed a death yak
 12153 | D:9      | Reached *** piety under Uskayaw
 12155 | D:9      | Killed a death yak
 12155 | D:9      | Reached **** piety under Uskayaw
 12156 | D:9      | Reached XP level 11. HP: 41/92 MP: 10/18
 12160 | D:9      | Killed a death yak
 12161 | D:9      | Reached skill level 5 in Spellcasting
 12752 | D:9      | Found a staircase to the Orcish Mines.
 12942 | D:10     | Entered Level 10 of the Dungeon
 13307 | D:10     | Noticed a green ugly thing
 13311 | D:10     | Killed a green ugly thing
 13489 | D:10     | Noticed a two-headed ogre
 13493 | D:10     | Killed a two-headed ogre
 14299 | D:10     | Found a runed translucent gate.
 14299 | D:10     | Found a runed translucent gate.
 14299 | D:10     | Found a runed translucent gate.
 14301 | D:10     | Noticed EvilAshe's ghost (novice HuFi)
 14310 | D:10     | Killed EvilAshe's ghost
 14543 | D:10     | Found a shadowy altar of Dithmenos.
 14683 | D:11     | Noticed a centaur warrior
 14694 | D:11     | Killed a centaur warrior
 14695 | D:11     | Reached skill level 5 in Dodging
 14718 | D:11     | Noticed a brown ugly thing
 14720 | D:11     | Found a frozen archway.
 14723 | D:11     | Killed a brown ugly thing
 14736 | IceCv    | Entered an ice cave
 15001 | IceCv    | Reached ***** piety under Uskayaw
 15342 | IceCv    | Noticed an ice dragon
 15343 | IceCv    | Noticed an ice dragon
 15352 | IceCv    | Killed an ice dragon
 15357 | IceCv    | Killed an ice dragon
 15358 | IceCv    | Reached XP level 12. HP: 91/100 MP: 15/20
 15544 | IceCv    | Got a warped turquoise ring
 15546 | IceCv    | Got a transparent bronze ring
 15551 | IceCv    | Got a bound lead ring
 15776 | IceCv    | Identified the ring of Yraozun {Wiz rF+ Str+4 Int+2} (You
                  | found it in an ice cave)
 15779 | IceCv    | Identified the ring of Tarestir {rPois rF+ rN+ SInv} (You
                  | found it in an ice cave)
 15781 | IceCv    | Identified the ring of Fielouru {Wiz +Inv} (You found it in
                  | an ice cave)
 16042 | D:11     | Noticed a boulder beetle
 16045 | D:11     | Killed a boulder beetle
 16046 | D:11     | Reached skill level 10 in Unarmed Combat
 17895 | D:12     | Found a roughly hewn altar of Beogh.
 17924 | D:12     | Noticed a two-headed ogre
 17940 | D:12     | Killed a two-headed ogre
 18768 | D:12     | Reached skill level 10 in Transmutations
 18863 | D:12     | Lost mutation: You are agile. (Dex +2) [potion of mutation]
 18863 | D:12     | Lost mutation: You have sharp toenails. [potion of
                  | mutation]
 18863 | D:12     | Lost mutation: Your mind is acute. (Int +2) [potion of
                  | mutation]
 18863 | D:12     | Gained mutation: You have sharp toenails. [potion of
                  | mutation]
 18863 | D:12     | Gained mutation: You evolve. [potion of mutation]
 18863 | D:12     | Gained mutation: Your muscles are strong. (Str +2) [potion
                  | of mutation]
 18863 | D:12     | Gained mutation: You are resistant to electric shocks.
                  | (rElec) [potion of mutation]
 19418 | D:12     | Noticed a two-headed ogre
 19428 | D:12     | Killed a two-headed ogre
 19605 | D:13     | Noticed a boulder beetle
 19620 | D:12     | Reached XP level 13. HP: 61/111 MP: 22/24
 20800 | D:13     | Reached skill level 11 in Unarmed Combat
 20907 | D:13     | Found a transporter.
 20908 | D:13     | Found a transporter.
 21307 | D:12     | Gained mutation: Your tail ends in a poisonous barb.
                  | [evolution]
 21507 | D:13     | Noticed a reaper
 21507 | D:13     | Noticed a reaper
 21507 | D:13     | Noticed a reaper
 21507 | D:13     | Noticed a reaper
 21508 | D:13     | Noticed a reaper
 22001 | D:13     | Noticed Jaiteiro's ghost (journeyman GnFi)
 22003 | D:13     | Identified the cursed +0 great mace of the Common Good
                  | {protect, *Drain rC+ Int+4 Dex+8}
 22598 | D:13     | Reached skill level 12 in Unarmed Combat
 22783 | D:13     | Found a gate to the Vaults.
 23777 | D:14     | Gained mutation: You have a pair of small horns on your
                  | head. [evolution]
 24141 | D:14     | Reached skill level 13 in Unarmed Combat
 25139 | D:14     | Reached XP level 14. HP: 111/124 MP: 19/25
 25417 | D:14     | Cast into level 2 of the Abyss (a wizard)
 25417 | Abyss:2  | Found a corrupted altar of Lugonu.
 25496 | Abyss:2  | Noticed a tentacled starspawn
 25537 | Abyss:2  | Reached skill level 14 in Unarmed Combat
 25694 | D:14     | Escaped the Abyss
 25851 | D:14     | Noticed a ghoul
 25851 | D:14     | Noticed a ghoul
 25868 | D:15     | Entered Level 15 of the Dungeon
 25892 | D:14     | Killed a ghoul
 25893 | D:14     | Killed a ghoul
 26163 | D:14     | Reached skill level 15 in Unarmed Combat
 27247 | Lair:1   | Entered Level 1 of the Lair of Beasts
 27432 | Lair:1   | Noticed Gastronok
 27442 | Lair:1   | Killed Gastronok
 27923 | Lair:1   | Found a glowing golden altar of the Shining One.
 28776 | Lair:2   | Found a staircase to the Shoals.
 28783 | Lair:2   | Reached skill level 16 in Unarmed Combat
 28890 | Lair:2   | Reached skill level 10 in Fighting
 28969 | Lair:2   | Reached skill level 1 in Invocations
 29268 | Lair:3   | Found a staircase to the Snake Pit.
 29712 | Lair:3   | Got a heavily runed leather armour
 29728 | Lair:3   | Identified the +3 leather armour of Weightlessness {Will+
                  | Dex+2} (You found it on level 3 of the Lair of Beasts)
 29831 | Lair:3   | Reached XP level 15. HP: 87/134 MP: 19/26
 29836 | Lair:3   | Reached skill level 5 in Invocations
 32180 | Lair:5   | Reached ****** piety under Uskayaw
 32185 | Lair:5   | Found a gate leading to a gauntlet.
 32194 | Gauntlet | Entered a Gauntlet
 32194 | Gauntlet | Found a transporter.
 32211 | Gauntlet | Found a transporter.
 32212 | Gauntlet | Found a transporter.
 32237 | Gauntlet | Found a transporter.
 32247 | Gauntlet | Found a transporter.
 32249 | Gauntlet | Found a transporter.
 32250 | Gauntlet | Found a transporter.
 32259 | Gauntlet | Found a transporter.
 32261 | Gauntlet | Found a transporter.
 32262 | Gauntlet | Found a transporter.
 32726 | Gauntlet | Found a transporter.
 32726 | Gauntlet | Found a transporter.
 32750 | Gauntlet | Found a transporter.
 32766 | Gauntlet | Found a transporter.
 32879 | Gauntlet | Identified the +1 arbalest "Edoxuna" {vorpal, Int+2}
 33066 | Lair:5   | Reached skill level 10 in Invocations
 34181 | Lair:6   | Entered Level 6 of the Lair of Beasts
 35284 | Lair:5   | Lost mutation: You have sharp toenails. [evolution]
 35533 | Lair:6   | Found a viscous altar of Jiyva.
 35533 | Lair:6   | Found a staircase to the Slime Pits.
 35771 | Lair:6   | Reached XP level 16. HP: 139/143 MP: 22/27
 36912 | Orc:1    | Entered Level 1 of the Orcish Mines
 36934 | Orc:1    | Found a dark tunnel.
 36943 | Volcano  | Entered a volcano
 37557 | Orc:1    | Found a flagged portal.
 37582 | Bailey   | Entered a bailey
 38729 | Orc:1    | Found a shimmering altar of Xom.
 39697 | Orc:2    | Entered Level 2 of the Orcish Mines
 40216 | Orc:2    | Found a staircase to the Elven Halls.
 41328 | Orc:2    | Found Emmeol's General Store.
 41328 | Orc:2    | Found Deschy's Jewellery Boutique.
 41329 | Orc:2    | Found Xaukhliti's Armour Shoppe.
 41329 | Orc:2    | Found Lyasuohuoxu's Gadget Shoppe.
 41349 | Orc:2    | Bought 2 scrolls of blinking for 165 gold pieces
 41768 | D:13     | Killed Jaiteiro's ghost
 42051 | D:15     | Reached skill level 15 in Fighting
 42465 | D:15     | Found a staircase to the Depths.
 42552 | D:15     | Reached XP level 17. HP: 169/169 MP: 27/29
 42801 | D:15     | Found a blossoming altar of Fedhas.
 43512 | Snake:1  | Entered Level 1 of the Snake Pit
 43581 | Snake:1  | Reached XP level 18. HP: 127/179 MP: 25/30
 45205 | Snake:1  | Gained mutation: Your magical capacity is low. (-10% MP)
                  | [evolution]
 46319 | Snake:2  | Reached skill level 17 in Unarmed Combat
 47837 | Snake:3  | Noticed Nikola
 47849 | Snake:3  | Killed Nikola
 47936 | Snake:3  | Found Qulah's Gadget Emporium.
 47937 | Snake:3  | Found Sad Ebok's Jewellery Boutique.
 47938 | Snake:3  | Found Wauk's Gadget Emporium.
 48540 | Snake:4  | Entered Level 4 of the Snake Pit
 49180 | Snake:4  | Reached skill level 15 in Invocations
 49929 | Snake:4  | Reached XP level 19. HP: 189/189 MP: 22/28
 50235 | Snake:4  | Lost mutation: Your tail ends in a poisonous barb.
                  | [evolution]
 50504 | Snake:4  | Found Ucamm's General Store.
 50509 | Snake:4  | Found Qygidatsu's Antique Armour Shoppe.
 50543 | Snake:4  | Bought a fading scale mail for 243 gold pieces
 50543 | Snake:4  | Bought a bronze leather armour for 189 gold pieces
 50547 | Snake:4  | Bought a scroll of identify for 24 gold pieces
 50571 | Snake:4  | Identified the +2 leather armour "Hieloj" {Will+ Regen+
                  | Int+3} (You bought it in a shop on level 4 of the Snake
                  | Pit)
 50595 | Snake:4  | Identified the +2 scale mail of the Game of Kings {SInv}
                  | (You bought it in a shop on level 4 of the Snake Pit)
 51180 | Snake:4  | Got a serpentine rune of Zot
 51484 | Shoals:1 | Entered Level 1 of the Shoals
 51760 | Shoals:1 | Reached skill level 18 in Unarmed Combat
 52687 | Shoals:2 | Noticed Louise
 52697 | Shoals:2 | Killed Louise
 54207 | Shoals:3 | Reached skill level 19 in Unarmed Combat
 54653 | Shoals:3 | Found Xoasobb's Distillery.
 54738 | Shoals:3 | Bought 2 potions of curing for 66 gold pieces
 54738 | Shoals:3 | Bought a potion of might for 44 gold pieces
 54738 | Shoals:3 | Bought 2 potions of might for 88 gold pieces
 54738 | Shoals:3 | Bought a potion of haste for 110 gold pieces
 54738 | Shoals:3 | Bought a potion of might for 44 gold pieces
 55862 | Shoals:4 | Entered Level 4 of the Shoals
 57305 | Shoals:4 | Got a barnacled rune of Zot
 57318 | Shoals:4 | Found Tecekew's Armour Boutique.
 57508 | Shoals:4 | Reached skill level 20 in Unarmed Combat
 57904 | Shoals:4 | Reached XP level 20. HP: 170/196 MP: 24/29
 58283 | Vaults:1 | Entered Level 1 of the Vaults
 58787 | Vaults:1 | Got a scintillating lead ring
 58827 | Vaults:1 | Identified the ring of the Worm {+Blink +Inv rF++ rCorr
                  | Str-2} (You found it on level 1 of the Vaults)
 60383 | Vaults:1 | Lost mutation: Your magical capacity is low. (-10% MP)
                  | [evolution]
 61508 | Vaults:2 | Noticed Mara
 61516 | Vaults:2 | Killed Mara
 61517 | Vaults:2 | Reached skill level 10 in Dodging
 61697 | Vaults:2 | Found Zointubu's Magic Scroll Shoppe.
 61700 | Vaults:2 | Bought a scroll of teleportation for 57 gold pieces
 61700 | Vaults:2 | Bought a scroll of teleportation for 57 gold pieces
 61700 | Vaults:2 | Bought a scroll of teleportation for 57 gold pieces
 63090 | Vaults:3 | Reached XP level 21. HP: 204/204 MP: 27/33
 63619 | Vaults:3 | Noticed Frederick
 63629 | Vaults:3 | Killed Frederick
 63637 | Vaults:3 | Identified a scroll of acquirement
 63642 | Vaults:3 | Acquired a manual of Armour
 63908 | Vaults:3 | Found a staircase to the Crypt.
 63922 | Vaults:3 | Reached skill level 15 in Armour
 64435 | Vaults:3 | Found Ymet's Assorted Antiques.
 64443 | Vaults:3 | Bought a scroll of teleportation for 96 gold pieces
 64443 | Vaults:3 | Bought a scroll labelled VOTTEME YR TAH for 32 gold pieces
 64443 | Vaults:3 | Bought a scroll of magic mapping for 112 gold pieces
 65639 | Vaults:4 | Found Naxu's Armour Shop.
 66536 | Vaults:4 | Found Haoz's Magic Scroll Boutique.
 66543 | Vaults:4 | Bought a scroll of magic mapping for 42 gold pieces
 66543 | Vaults:4 | Bought a scroll of identify for 24 gold pieces
 66543 | Vaults:4 | Bought a scroll of identify for 24 gold pieces
 66543 | Vaults:4 | Bought a scroll of blinking for 90 gold pieces
 66543 | Vaults:4 | Bought a scroll of summoning for 114 gold pieces
 66543 | Vaults:4 | Bought a scroll of teleportation for 36 gold pieces
 66543 | Vaults:4 | Bought a scroll of enchant armour for 90 gold pieces
 66543 | Vaults:4 | Bought a scroll of teleportation for 36 gold pieces
 66543 | Vaults:4 | Bought a scroll of teleportation for 36 gold pieces
 66638 | Vaults:4 | Noticed Aizul
 66644 | Vaults:4 | Killed Aizul
 67096 | Vaults:4 | Found Duatu's Assorted Antiques.
 67104 | Vaults:4 | Bought a scroll of identify for 60 gold pieces
 67104 | Vaults:4 | Bought a fine golden ring for 150 gold pieces
 67104 | Vaults:4 | Identified the ring of Yloomi {Ice Int+3 Dex+3} (You bought
                  | it in a shop on level 4 of the Vaults)
 67376 | Vaults:4 | Found Jymod's Book Shoppe.
 68016 | Vaults:5 | Entered Level 5 of the Vaults
 68021 | Vaults:5 | Reached skill level 21 in Unarmed Combat
 69291 | Vaults:5 | Reached XP level 22. HP: 193/214 MP: 29/34
 69962 | Vaults:5 | Identified the +2 buckler of Gofor {SInv Stlth+}
 70052 | Vaults:5 | Mangled by a titan

Illustrated notes

Levels and vault maps discovered:
D:1:      dpeg_arrival_court, layout_loops_ring, minmay_misc_feat_room
D:2:      layout_loops_ring, lemuel_coloured_pillars_altar,
          nicolae_qazlal_style_of_elements
D:3:      layout_rooms, ebering_ghost_inner_flame
D:4:      cheibrodos_greedy_goblins, layout_cave_pods, fedhas_altar_1,
          serial_shops, nicolae_shop_temple_entry_statues_fountains,
          st_stairs_10, kennysheep_flooded_box, minmay_quantized
D:5:      layout_cave_pools, uniq_eustachio
D:6:      layout_gridville, minmay_temple_entry_antechambers, uniq_pikel
D:7:      layout_rooms, minmay_manual_mares
D:8:      layout_basic, overflow_temple_1_default, serial_shops,
          kennysheep_mini_moat, minmay_lizard_king, uniq_erica
D:9:      layout_basic, grunt_temple_overflow_diamond, nzn_wu_jian_council_hall,
          dpeg_lair_monsters, david_orc_1_choice, dk_noncrumbling_3,
          kennysheep_windowed_goal, uniq_joseph
D:10:     layout_stronghold, serial_glass, glass_columns_b, glass_columns_b,
          ebering_ghost_rock_garden, grunt_dithmenos_shadows
D:11:     layout_irregular_city, portal_ice_cave_entry_ice_beasts,
          bh_circular_ruins
D:12:     layout_roguey [special_room_orc], kennysheep_potato
D:13:     layout_cross, grunt_vaults_entry_fortified, gammafunk_ghost_smash,
          minmay_guarded_unrand_curses
D:14:     layout_rooms, serial_undead, serial_undead_f, serial_undead_c,
          serial_undead_f, serial_undead_a, hangedman_decor_slide_cut,
          kennysheep_inner_square
D:15:     gammafunk_depths_entry_grave, layout_cave_pools,
          minmay_misc_feat_nine_boxes, basic_altar
Temple:   regret_index_temple_waves
Lair:1:   layout_regular_city, amcnicky_altar_gilded, grunt_megastairs_4,
          lemuel_fruit_fields, uniq_gastronok
Lair:2:   layout_loops_ring, minmay_shoals_entry_beasts, grunt_megastairs_2,
          lemuel_fruit_tree
Lair:3:   layout_cave_pods, guppyfry_snake_entry_island
Lair:4:   layout_cave_pods
Lair:5:   layout_hall_layers, gauntlet_entry_generic
Lair:6:   hangedman_lair_caniforms_friends, layout_hall_layers,
          hangedman_lair_in_review, dpeg_slime_entry_enclosed_altar,
          chequers_serial_rivers_room_a, nicolae_quartered_pool_super
Shoals:1: layout_shoals, hangedman_shoal_volcano
Shoals:2: layout_shoals, uniq_louise
Shoals:3: layout_shoals, serial_shops, nicolae_shop_waterfront
Shoals:4: shoals_end_hangedman, layout_shoals, serial_shops, shop
Snake:1:  layout_concentric_octagons, nrook_guardian_serpent_double,
          grunt_megastairs_5
Snake:2:  layout_rooms
Snake:3:  layout_gridlike, minmay_shop_grove, uniq_nikola
Snake:4:  grunt_snake_rune_pools, layout_basic, nrook_loot_triangle,
          hangedman_snake_pattern, fake_guardian_serpent_vault, minmay_shop_star
Orc:1:    layout_caves, enter_volcano_1, basic_altar, enter_bailey_2
Orc:2:    st_orc_elflike, layout_diamond_mine
Vaults:1: st_squares, hangedman_vaults_impose, hangedman_vaults_corner,
          nicolae_vaults_little_squares_5, vaults_room_grunt_arrival_ludios,
          nicolae_vaults_little_squares_5, nicolae_vaults_diagonal_hallway_7,
          v_misc_30, nicolae_vaults_mini_display_case,
          nicolae_vaults_ring_of_whatevers, layout_vaults_omnigrid
Vaults:2: grunt_vaults_swirl, hangedman_vaults_slither, vaults_room_ringed_pool,
          vaults_room_corners, ontoclasm_vaults_misaligned,
          hangedman_vaults_locks, vaults_mumra_hex, ontoclasm_vaults_chip,
          nicolae_vaults_little_ls, layout_vaults_chaotic_city, serial_shops,
          nicolae_shop_window_shopping, uniq_mara
Vaults:3: grunt_vaults_trifunnel, nicolae_vaults_network_barrier,
          nicolae_vaults_twisting_passages, grunt_vaults_focal,
          hangedman_vaults_hard_town_square, grunt_vaults_twisty,
          minmay_crypt_entry_simple_round, grunt_vaults_bifocal,
          ontoclasm_vaults_shuriken, vaults_dpeg_diagonal,
          layout_vaults_omnicross, serial_shops, shop, uniq_frederick
Vaults:4: v_rooms_3, vaults_standard_mumra_x, ontoclasm_vaults_pinch,
          nicolae_vaults_quadrants, hangedman_vaults_capsules, v_alt_pattern_3,
          vaults_room_grid, nicolae_vaults_network_s, hangedman_vaults_impose,
          v_rooms_6, layout_vaults_ring, serial_shops, nicolae_shop_stone,
          shop_scrolls, shop, nicolae_shop_window_shopping, uniq_aizul
Vaults:5

Skill      XL: |  1  2  3  4  5  6  7  8  9 10 11 12 13 14 15 16 17 18 19 20 21 |
---------------+----------------------------------------------------------------+-----
Unarmed Combat | 4 5 6 7 8 9 10 13 16 17 20 21 | 21.8
Fighting       | 2 3 4 5 6 8 10 16 17 | 17.4
Transmutations | 5 7 10 | 10.6
Armour         | 8 11 12 14 17 | 17.8
Spellcasting   | 4 5 7 8 |  8.3
Dodging        | 8 10 | 10.8
Invocations    | 4 12 15 16 | 16.1

Action                   |  1- 3 |  4- 6 |  7- 9 | 10-12 | 13-15 | 16-18 | 19-21 | 22-24 || total
-------------------------+-------+-------+-------+-------+-------+-------+-------+-------++-------
Melee: Unarmed           |   112 |   239 |   349 |   568 |   807 |   943 |  1120 |    65 ||  4203
       Kick              |    13 |     9 |    99 |   148 |   234 |       |       |       ||   503
       Headbutt          |     4 |     6 |    17 |       |   113 |   165 |   216 |    10 ||   531
       Tailslap          |     8 |    21 |    42 |    75 |   109 |   131 |   174 |    10 ||   570
       Punch             |       |       |    15 |    21 |    51 |    50 |   104 |     2 ||   243
 Cast: Beastly Appendage |    14 |    10 |    10 |       |       |       |     1 |       ||    35
       Blade Hands       |       |       |     5 |    50 |    96 |   116 |   150 |     5 ||   422
       Wereblood         |       |       |       |     4 |    11 |    15 |     7 |       ||    37
       Ice Form          |       |       |       |       |     5 |       |       |       ||     5
Invok: Line Pass         |       |       |       |     3 |       |       |       |       ||     3
       Stomp             |       |       |       |       |     2 |       |     5 |       ||     7
 Abil: Rolling Charge    |     2 |     4 |    12 |    19 |    35 |    52 |    53 |    10 ||   187
       End Transformatio |       |       |       |       |     1 |       |       |       ||     1
       Evoke Flight      |       |       |       |       |       |     3 |     3 |       ||     6
Evoke: Wand              |       |       |       |       |       |     6 |     1 |       ||     7
  Use: Scroll            |     2 |     8 |     5 |    11 |    13 |     9 |    13 |     5 ||    66
       Potion            |       |     3 |     3 |     3 |     1 |     1 |     3 |     4 ||    18
 Stab: Paralysed         |       |       |       |    30 |    61 |    71 |   142 |    10 ||   314
       Sleeping          |       |       |       |     2 |       |       |       |       ||     2
       Confused          |       |       |       |     1 |       |       |       |       ||     1
Armor: Robe              |    33 |    85 |    20 |   127 |       |       |       |       ||   265
       Leather armour    |       |       |    99 |       |       |       |       |       ||    99
       Ice dragon scales |       |       |       |    45 |   338 |   305 |   419 |    45 ||  1152
       Skin              |       |       |       |     1 |     9 |       |       |       ||    10
Dodge: Dodged            |    57 |   117 |   140 |   240 |   315 |   423 |   483 |    42 ||  1817
       Repelled          |       |       |       |       |       |    23 |    18 |     1 ||    42
Block: Other             |       |       |    67 |   110 |   146 |   168 |   192 |    15 ||   698
       Reflection        |       |       |     4 |    11 |    16 |    13 |    23 |     2 ||    69
